 Dungeon Crawl Stone Soup version 0.23-a0-558-g30802b1 (webtiles) character file.

380 Lanoc the Chopper (level 6, -3/61 HPs)
             Began as a Hill Orc Chaos Knight on Dec 11, 2018.
             Was an Initiate of Beogh.
             Slain by an orc priest
             ... wielding a +2 flail of crushing
              (12 damage)
             ... on level 4 of the Dungeon.
             The game lasted 00:05:02 (1932 turns).

Lanoc the Chopper (Hill Orc Chaos Knight)           Turns: 1932, Time: 00:05:02

Health: -3/61      AC:  7    Str: 17    XL:     6   Next: 75%
Magic:  6/6        EV: 11    Int: 16    God:    Beogh [......]
Gold:   109        SH:  0    Dex: 10    Spells: 5/5 levels left

rFire    . . .     SeeInvis .   a - +0 hand axe (chaos)
rCold    + . .     Gourm    .   (no shield)
rNeg     . . .     Faith    .   b - +2 leather armour
rPois    .         Spirit   .   m - +1 helmet
rElec    .         Reflect  .   (no cloak)
rCorr    .         Harm     .   (no gloves)
MR       .....                  (no boots)
Stlth    +.........             (no amulet)
HPRegen  0.20/turn              (no ring)
MPRegen  0.10/turn              (no ring)

@: lethally poisoned (-3 -> -4)
A: clever 2, cold resistance 1, robust 1, evolution 1, MP-powered wands
a: Renounce Religion


You were on level 4 of the Dungeon.
You worshipped Beogh.
Beogh was noncommittal.
You were not hungry.

You visited 1 branch of the dungeon, and saw 4 of its levels.

You collected 109 gold pieces.

Inventory:

Hand Weapons
 a - a +0 hand axe of chaos (weapon)
Missiles
 g - 25 bolts
 p - 20 arrows
Armour
 b - a +2 leather armour (worn)
 m - a +1 helmet (worn)
Scrolls
 d - 2 scrolls of teleportation {unknown}
 e - 6 scrolls of identify {unknown}
 h - 4 scrolls of magic mapping {unknown}
 j - 2 scrolls of remove curse {unknown}
 k - 2 scrolls of fear {unknown}
 l - a scroll of blinking {unknown}
 n - a scroll of amnesia {unknown}
 o - a scroll of noise {unknown}
Potions
 f - 2 potions of degeneration {unknown}
 i - 2 potions of brilliance {unknown}
 q - a potion of cancellation {unknown}
Comestibles
 c - 6 rations
 r - a chunk of flesh


   Skills:
 + Level 5.3 Fighting
 * Level 7.4 Axes
 + Level 4.2 Armour
 - Level 0.7 Dodging


You had 5 spell levels left.
You didn't know any spells.
Your spell library contained the following spells:

 Spells                   Type           Power        Failure   Level  Hunger
 Confusing Touch          Hex            #.....       30%         1    ##.....
 Confuse                  Hex            #.......     65%         3    ####...
 Gell's Gravitas          Tloc           #.........   65%         3    ####...
 Petrify                  Tmut/Erth      #.......     96%         4    #####..
 Metabolic Englaciation   Hex/Ice        #.........   100%        5    ######.
 Yara's Violent Unravell  Hex/Tmut       #.........   100%        5    ######.


Dungeon Overview and Level Annotations

Branches:
Dungeon (4/15)
 Temple: D:4-7

Altars:
Qazlal
Trog
Yredelemnul
Zin


Innate Abilities, Weirdness & Mutations

Your mind is very acute. (Int +4)
Your flesh is cold resistant. (rC+)
You are robust. (+10% HP)
You evolve.
You expend magic power (3 MP) to strengthen your wands.


Message History

You feel sick.
An orc priest comes into view. It is wielding a +2 flail of crushing.
You see here a cyan potion.
You feel sick.
You see here a jackal corpse.
You butcher the jackal corpse.
r - a chunk of flesh You see here a jackal skeleton.
You feel sick.
The orc priest mumbles some strange prayers to Beogh against you.
Beogh smites you!
You feel sick.
You see here a jackal skeleton.
The orc priest invokes the aid of Beogh against you.
Beogh smites you!
* * * LOW HITPOINT WARNING * * *
You hit the orc priest but do no damage.
The orc priest hits you with a +2 flail of crushing!
You die...
Beogh appreciates the orc priest's killing of a heretic priest.

♣ ...... .. ...... ♣..
.?... .... #######...###
#...###............ ...
####............... ...
.........#.....# ...
#########S@o.!.#
...#######.....†..##.......
..#...##...#...%..# .......
.........###...)..# .......
........###.......# .#.....
♣.♣...............# .......
........####...P..# .. ....
♣.♣....## .....PP..#.o ....
..#...## .##......%.


You could see an orc priest and an adder.

Vanquished Creatures
  The ghost of phyphor the Covert, an amateur SpEn of Dithmenos (D:3)
  2 scorpions (D:4)
  Terence (D:3)
  3 adders
  An ooze (D:4)
  An adder skeleton (D:4)
  5 worms
  A dart slug (D:3)
  3 leopard geckos
  An orc (D:4)
  3 giant cockroaches
  7 goblins
  5 hobgoblins
  5 jackals
  A quokka (D:3)
  9 bats
  4 frilled lizards
  9 kobolds
  5 rats
67 creatures vanquished.

Vanquished Creatures (others)
  An orc priest (D:4)
  2 orcs (D:4)
3 creatures vanquished.

Grand Total: 70 creatures vanquished

Notes
Turn   | Place    | Note
-------+----------+-------------------------------------------
     0 | D:1      | Lanoc the Hill Orc Chaos Knight began the quest for the
                  | Orb.
     0 | D:1      | Reached XP level 1. HP: 19/19 MP: 1/1
   185 | D:1      | Reached XP level 2. HP: 23/27 MP: 2/2
   303 | D:1      | XOM: cast spell 'Summon Small Mammal'
   384 | D:1      | XOM: divination: detect items
   467 | D:2      | XOM: cloud trail
   510 | D:2      | Reached XP level 3. HP: 32/33 MP: 3/3
   724 | D:2      | XOM: noise
   761 | D:2      | Found a glowing silver altar of Zin.
   923 | D:2      | XOM: give mutations
   923 | D:2      | Gained mutation: You are robust. (+10% HP) [Xom's grace]
   923 | D:2      | Gained mutation: Your mind is acute. (Int +2) [Xom's grace]
   923 | D:2      | Gained mutation: You evolve. [Xom's grace]
   923 | D:2      | Gained mutation: You expend magic power (3 MP) to
                  | strengthen your wands. [Xom's grace]
   929 | D:2      | XOM: cloud trail
   963 | D:2      | Reached skill level 5 in Axes
  1270 | D:3      | Noticed Terence
  1280 | D:3      | Killed Terence
  1280 | D:3      | Reached XP level 4. HP: 41/45 MP: 4/4
  1300 | D:3      | Found a runed door.
  1439 | D:3      | Noticed phyphor's ghost (amateur SpEn)
  1551 | D:3      | XOM: 2-stop teleportation journey
  1715 | D:3      | Reached XP level 5. HP: 41/51 MP: 5/5
  1719 | D:3      | Found a stormy altar of Qazlal.
  1759 | D:3      | Found a basalt altar of Yredelemnul.
  1759 | D:3      | Found a bloodstained altar of Trog.
  1785 | D:3      | XOM: give mutations
  1785 | D:3      | Gained mutation: Your mind is very acute. (Int +4) [Xom's
                  | grace]
  1785 | D:3      | Gained mutation: Your flesh is cold resistant. (rC+) [Xom's
                  | grace]
  1834 | D:3      | Killed phyphor's ghost
  1834 | D:3      | Reached skill level 5 in Fighting
  1834 | D:3      | Reached skill level 6 in Axes
  1834 | D:3      | Reached XP level 6. HP: 59/61 MP: 6/6
  1890 | D:4      | Reached skill level 7 in Axes
  1899 | D:4      | Fell from the grace of Xom
  1899 | D:4      | Became a worshipper of Beogh the Brigand
  1932 | D:4      | Slain by an orc priest

Vault maps used:
D:1:      minmay_arrival_pointy
D:2:      lemuel_coloured_pillars_altar, minmay_stone_trees_medium
D:3:      marbit_many_paths, gammafunk_temple_overflow_pools,
          ebering_ghost_reflecting_pool, uniq_terence
D:4:      lemuel_round_altar, kennysheep_little_box, first_ration,
          serial_forest, infiniplex_forest_straight_4,
          infiniplex_forest_lined_2, infiniplex_forest_lined_3_way,
          infiniplex_forest_clump_small, infiniplex_forest_clump_tiny,
          infiniplex_forest_pool, minmay_checkerbox

Skill      XL: |  1  2  3  4  5  6 |
---------------+-------------------+-----
Fighting       | 4 5 |  5.3
Axes           | 5 6 7 |  7.4
Armour         | 3 4 |  4.2
Dodging        | |  0.7

Action                   |  1- 3 |  4- 6 || total
-------------------------+-------+-------++-------
Melee: Hand axe          |   128 |   107 ||   235
Invok: Convert to Beogh  |       |     1 ||     1
 Stab: Paralysed         |     1 |     1 ||     2
       Petrified         |       |     6 ||     6
  Eat: Chunk             |     1 |     3 ||     4
Armor: Leather armour    |    50 |    36 ||    86
Dodge: Dodged            |    88 |    54 ||   142

Table legend:
 A = Non-vault XP
 B = Vault XP
 C = Vault XP percentage of total XP
 D = Non-vault monster count
 E = Vault monster count
 F = Vault count percentage of total count
                 A         B        C        D         E       F
            +---------+---------+-------+---------+---------+-------
      Total |     296 |     247 |  45.5 |      64 |       3 |   4.5
            +---------+---------+-------+---------+---------+-------
        D:1 |      26 |       0 |   0.0 |      17 |       0 |   0.0
        D:2 |      46 |       0 |   0.0 |      20 |       0 |   0.0
        D:3 |      48 |     247 |  83.7 |      17 |       3 |  15.0
        D:4 |     176 |       0 |   0.0 |      10 |       0 |   0.0
            +---------+---------+-------+---------+---------+-------
